 Dungeon Crawl Stone Soup version 0.30-a0-358-g0d69a1922f (webtiles) character file.

Game seed: 15834988890608240829

561748 Lobster4 the Cloud Mage (level 27, -3/220 HPs)
             Began as a Human Air Elementalist on Nov 9, 2022.
             Was the Champion of Vehumet.
             Slain by a black draconian
             ... wielding a +0 scimitar
             ... led by a yellow draconian annihilator
              (28 damage)
             ... on level 4 of the Realm of Zot on Nov 10, 2022.
             The game lasted 08:50:36 (107614 turns).

Lobster4 the Cloud Mage (Human Air Elementalist)  Turns: 107614, Time: 08:50:37

Health: -3/220     AC: 27    Str: 11    XL:     27
Magic:  25/48      EV: 14    Int: 23    God:    Vehumet [******]
Gold:   5290       SH: 19    Dex: 16    Spells: 4/50 levels left

rFire   + + .      SeeInvis +    a - +6 quick blade of Conservatism {vorpal, MP+9}
rCold   + + .      Faith    .    y - +2 shield of Resistance {rF++ rC++ Will++}
rNeg    + . .      Spirit   .    j - +1 ring mail of Anolu {rElec rPois rN+ Int-2}
rPois   +          Reflect  +    W - +2 helmet {SInv}
rElec   +          Harm     .    V - +2 cloak {rCorr}
rCorr   +          Rampage  .    g - +2 pair of gloves
Will    ++++.      Archmagi +    G - +2 pair of boots
Stlth   ++++......               D - amulet of reflection
HPRegen 0.56/turn                Z - ring of the Mage {Wiz Archmagi}
MPRegen 0.31/turn                Y - ring of the Tortoise {AC+8}

@: about to teleport, studying 2 skills
A: deformed body
}: 3/15 runes: serpentine, barnacled, silver
a: Renounce Religion


You were on level 4 of the Realm of Zot.
You worshipped Vehumet.
Vehumet was exalted by your worship.
You visited 10 branches of the dungeon, and saw 48 of its levels.
You also visited: Sewer, Ossuary, Bailey, Gauntlet, Ice Cave and Wizlab.

You collected 9977 gold pieces.
You spent 4687 gold pieces at shops.

Inventory:

Hand Weapons
 a - the +6 quick blade of Conservatism (weapon) {vorpal, MP+9}
   (You acquired it on level 7 of the Dungeon)

   It inflicts extra damage upon your enemies.
   MP:        It affects your magic capacity (+9).
 b - the +10 sling "Duhyrew" {drain, rN++ Str-2}
   (You found it on level 15 of the Dungeon)

   A truly terrible weapon, it drains the life of any living foe it strikes.
   Str:       It affects your strength (-2).
   rN:        It greatly protects you from negative energy.
Armour
 g - a +2 pair of gloves (worn)
 j - the +1 ring mail of Anolu (worn) {rElec rPois rN+ Int-2}
   (You found it on level 12 of the Dungeon)

   Int:       It affects your intelligence (-2).
   rElec:     It insulates you from electricity.
   rPois:     It protects you from poison.
   rN:        It protects you from negative energy.
 y - the +2 shield of Resistance (worn) {rF++ rC++ Will++}
   (You bought it in a shop on level 1 of the Elven Halls)

   rF:        It greatly protects you from fire.
   rC:        It greatly protects you from cold.
   Will:      It greatly increases your willpower.
 G - a +2 pair of boots (worn)
 V - a +2 cloak of preservation (worn)
 W - a +2 helmet of see invisible (worn)
Jewellery
 e - the amulet of Zeriarorgh {Acrobat Will+ Regen+}
   (You found it on level 1 of the Depths)

   [amulet of the acrobat]

   It increases your evasion while moving and waiting.
   Regen:     It increases your rate of health regeneration.
   Will:      It increases your willpower.
 o - a ring of willpower
 A - a ring of flight
 C - the ring of Paranoia {rElec rPois rC+ Stlth-}
   (You found it in an ice cave)

   [ring of poison resistance]

   rC:        It protects you from cold.
   rElec:     It insulates you from electricity.
   rPois:     It protects you from poison.
   Stlth:     It makes you less stealthy.
 D - an amulet of reflection (around neck)
 K - the ring of Amelioration {rPois rF+ rN+ Slay+3}
   (You took it off a vampire mage on level 3 of the Crypt)

   [ring of positive energy]

   Slay:      It affects your accuracy & damage with ranged weapons and melee
   (+3).
   rF:        It protects you from fire.
   rPois:     It protects you from poison.
   rN:        It protects you from negative energy.
 Y - the ring of the Tortoise (right hand) {AC+8}
   (You found it on level 4 of the Lair of Beasts)

   [ring of protection]

   AC:        It affects your AC (+8).
 Z - the ring of the Mage (left hand) {Wiz Archmagi}
   (You bought it in a shop on level 2 of the Depths)

   [ring of wizardry]

   It improves your spell success rate.
   Archmagi:  It increases the power of your magical spells.
Wands
 v - a wand of digging (18)
 w - a wand of light (5)
 H - a wand of iceblast (11)
 R - a wand of mindburst (26)
Scrolls
 h - 4 scrolls of teleportation
 i - 10 scrolls of poison
 k - 6 scrolls of immolation
 E - a scroll of silence
 N - 9 scrolls of enchant weapon
 O - 6 scrolls of fear
 P - a scroll of summoning
 Q - 12 scrolls of fog
Potions
 d - 12 potions of brilliance
 f - 9 potions of flight
 l - 3 potions of cancellation
 m - 13 potions of curing
 n - 2 potions of ambrosia
 q - 3 potions of heal wounds
 u - 5 potions of invisibility
 x - 7 potions of berserk rage
 B - 4 potions of resistance
 F - 7 potions of lignification
 I - 7 potions of haste
 T - 8 potions of might
Miscellaneous
 c - a phantom mirror
 L - a box of beasts
 M - a tin of tremorstones (1/2)
 U - a lightning rod (4/4)
 X - a condenser vane


   Skills:
 + Level 18.9 Fighting
 - Level 15.0 Short Blades
 - Level 2.0 Polearms
 - Level 14.0 Ranged Weapons
 - Level 1.0 Throwing
 - Level 10.0 Armour
 - Level 10.0 Dodging
 - Level 10.0 Stealth
 - Level 10.0 Shields
 - Level 12.0 Spellcasting
 + Level 18.2 Conjurations
 - Level 4.0 Summonings
 - Level 6.0 Ice Magic
 * Level 24.7 Air Magic
 - Level 3.0 Earth Magic
 - Level 10.0 Poison Magic
 - Level 3.0 Evocations


You had 4 spell levels left.
You knew the following spells:

 Your Spells              Type           Power      Damage    Failure   Level
a - Shock                 Conj/Air       100%       1d9       0%          1
b - Magic Dart            Conj           100%       1d8       0%          1
c - Arcjolt               Conj/Air       53%        1d63      1%          5
d - Airstrike             Air            56%        2d(9-25)  0%          4
e - Stone Arrow           Conj/Erth      100%       3d13      1%          3
f - Poisonous Vapours     Pois/Air       100%       N/A       1%          2
g - Frozen Ramparts       Ice            100%       1d16      1%          3
h - Swiftness             Air            100%       N/A       0%          3
i - Lightning Bolt        Conj/Air       53%        1d74      1%          5
j - Freezing Cloud        Conj/Ice/Air   46%        6-21      1%          5
l - Conjure Ball Lightni  Conj/Air       53%        3x3d19    1%          6
s - Summon Lightning Spi  Summ/Air       88%        N/A       1%          4
t - Olgreb's Toxic Radia  Pois           74%        N/A       1%          4

Your spell library contained the following spells:

 Spells                   Type           Power      Damage    Failure   Level
 Chain Lightning          Conj/Air       53%        3d70      30%         9
 Lehudib's Crystal Spear  Conj/Erth      38%        10d9      78%         8
 Fire Storm               Conj/Fire      35%        8d9       100%        9
 Searing Ray              Conj           100%       2d8       0%          2
 Static Discharge         Conj/Air       100%       2-7/arc   0%          2
 Kiss of Death            Conj/Necr      100%       2d13      1%          1
 Sting                    Tmut/Pois      100%       1d8       1%          1
 Summon Small Mammal      Summ           100%       N/A       1%          1
 Cigotuvi's Dreadful Rot  Necr/Pois/Air  100%       N/A       1%          2
 Momentum Strike          Conj/Tloc      100%       3d10      1%          2
 Dazzling Flash           Conj/Hex       100%       N/A       1%          3
 Hailstorm                Conj/Ice       81%        3d16      1%          3
 Kindle Blastsparks       Fire/Tloc/Air  100%       2d18      1%          3
 Mephitic Cloud           Conj/Pois/Air  97%        N/A       1%          3
 Vhi's Electric Charge    Tloc/Air       100%       N/A       1%          3
 Fulminant Prism          Conj/Hex       35%        3d17      1%          4
 Iskenderun's Mystic Bla  Conj/Tloc      70%        2d14      1%          4
 Ozocubu's Armour         Ice            58%        N/A       2%          3
 Ensorcelled Hibernation  Hex/Ice        82%        N/A       3%          2
 Call Canine Familiar     Summ           48%        N/A       4%          3
 Inner Flame              Hex/Fire       20%        N/A       7%          3
 Apportation              Tloc           40%        N/A       9%          1
 Necrotise                Necr           80%        1d8       9%          1
 Slow                     Hex            80%        N/A       9%          1
 Summon Guardian Golem    Hex/Summ       34%        N/A       11%         3
 Summon Ice Beast         Ice/Summ       53%        N/A       11%         4
 Blink                    Tloc           40%        N/A       12%         2
 Sublimation of Blood     Necr           20%        N/A       12%         2
 Confusing Touch          Hex            20%        N/A       24%         3
 Gell's Gravitas          Tloc           20%        N/A       24%         3
 Lesser Beckoning         Tloc           40%        N/A       24%         3
 Portal Projectile        Hex/Tloc       40%        N/A       24%         3
 Teleport Other           Tloc           20%        N/A       24%         3
 Vampiric Draining        Necr           20%        2d7       24%         3
 Ice Form                 Ice/Tmut       41%        N/A       24%         4
 Leda's Liquefaction      Hex/Erth       15%        N/A       38%         4
 Anguish                  Hex/Necr       10%        N/A       58%         4
 Cause Fear               Hex            10%        N/A       58%         4
 Manifold Assault         Tloc           20%        N/A       58%         4
 Fireball                 Conj/Fire      35%        3d15      1%          5
 Irradiate                Conj/Tmut      35%        3d23      1%          5
 Silence                  Hex/Air        41%        N/A       1%          5
 Maxwell's Capacitive Co  Air            56%        ∞         1%          8
 Starburst                Conj/Fire      35%        6d10      9%          6
 Lee's Rapid Deconstruct  Erth           20%        3d12*     17%         5
 Alistair's Intoxication  Tmut/Pois      35%        N/A       28%         5
 Storm Form               Tmut/Air       41%        N/A       38%         7
 Ozocubu's Refrigeration  Ice            29%        4d13      75%         7
 Agony                    Necr           20%        N/A       89%         5
 Blade Hands              Tmut           10%        N/A       89%         5
 Simulacrum               Ice/Necr       20%        N/A       97%         6
 Statue Form              Tmut/Erth      20%        N/A       99%         6
 Dispersal                Tloc           10%        N/A       100%        6
 Dragon Form              Tmut           10%        N/A       100%        7
 Enfeeble                 Hex            10%        N/A       100%        7
 Haunt                    Necr/Summ      17%        N/A       100%        7
 Malign Gateway           Summ/Tloc      17%        N/A       100%        7
 Borgnjor's Revivificati  Necr           10%        N/A       100%        8
 Discord                  Hex            10%        N/A       100%        8
 Disjunction              Tloc           10%        N/A       100%        8
 Ignition                 Fire           10%        3d5       100%        8
 Dragon's Call            Summ           24%        N/A       100%        9
 Polar Vortex             Ice            29%        N/A       100%        9


Dungeon Overview and Level Annotations

Branches:
Dungeon (15/15)            Temple (0/1) D:7            Lair (5/5) D:10
 Shoals (4/4) Lair:2        Snake (4/4) Lair:2        Slime (0/5) Lair:5
    Orc (2/2) D:12            Elf (3/3) Orc:2        Vaults (5/5) D:13
  Crypt (3/3) Vaults:3       Tomb (0/3) Crypt:3      Depths (4/4) D:15
    Zot (4/5) Depths:4      Sewer (visited)         Ossuary (visited)
 Bailey (visited)           IceCv (visited)          WizLab (visited)
Gauntlet (visited)

Altars:
Cheibriados
Dithmenos
Elyvilon
Fedhas
Gozag
Hepliaklqana
Kikubaaqudgha
Nemelex Xobeh
Okawaru
Qazlal
Ru
Sif Muna
Vehumet
Wu Jian
Xom
Zin
Jiyva

Shops:
D:6 (   D:15 [   Orc:2 ((:*?   Elf:1 [   Snake:1 (   Snake:3 [   Snake:4 :
Vaults:2 :   Depths:2 **!

Portals:
Hell: Depths:1 Depths:2 Depths:3 Depths:4
Abyss: Depths:3
Pandemonium: Depths:2
Ziggurat: Depths:2

Annotations:
D:14 6 runed translucent doors, Roxanne
Vaults:1 Asterion
Depths:2 exclusion: orange crystal statue
Depths:3 1 runed translucent door


Innate Abilities, Weirdness & Mutations

Armour fits poorly on your strangely shaped body.


Message History

A death cob comes into view.
The wall freezes the black draconian.
The black draconian seems to slow down.
You block the black draconian's attack.
A golden dragon comes into view.
The wall freezes the black draconian!
The black draconian seems to slow down.
The black draconian misses you.
Unknown command.
As you read the scroll of teleportation, it crumbles to dust.
You feel strangely unstable.
You feel the Orb delaying your translocation!
The frozen ramparts melt away.
The orb of fire glows red.
The bolt of fire hits you!! You resist.
The yellow draconian annihilator points at you and mumbles some strange words.
The iron shot hits you!!!
* * * LOW HITPOINT WARNING * * *
You block the black draconian's attack.
As you read the scroll of fear, it crumbles to dust.
You assume a fearsome visage.
The orb of fire is unaffected.
The black draconian looks frightened!
The golden dragon resists with almost no effort.
The storm dragon resists with almost no effort.
The death cob is unaffected.
The yellow draconian annihilator looks frightened!
The black draconian is unaffected.
The yellow draconian annihilator is no longer moving slowly.
The storm dragon breathes lightning at you.
The bolt of lightning misses you.
The orb of fire glows yellow.
The bolt of fire hits you!! You resist.
* * * LOW HITPOINT WARNING * * *
The golden dragon breathes fire at you.
The bolt of fire hits the orb of fire.
The orb of fire completely resists.
The bolt of fire hits you! You resist.
* * * LOW HITPOINT WARNING * * *
A white draconian comes into view.
It is wielding a +1 glaive of protection.
You block the storm dragon's attack. The storm dragon closely misses you.
You block the storm dragon's attack.
The black draconian hits you with a +0 scimitar!!
You die...

. ..####
......#
....q..##
.......)##
#.))@)#
##.d[D.#
##..z..#
##..>.d#
##.*..d$
#......
#D....
.....


You could see an orb of fire, a golden dragon (catching breath), a storm dragon
(catching breath), 2 draconians, a white draconian, a death cob and a yellow
draconian annihilator (fleeing).

Vanquished Creatures
  A dread lich (Vaults:4)
  2 juggernauts
  Sojobo (Crypt:1)
  Vv (Depths:4)
  Vashnia (Snake:4)
  Bai Suzhen (Crypt:2)
  3 caustic shrikes (Depths:4)
  6 golden dragons
  A shard shrike zombie (Crypt:2)
  An electric golem (Zot:1)
  An iron giant (Depths:2)
  11 tentacled monstrosities
  Zenata (Vaults:3)
  2 walking earthen tomes
  6 liches
  6 quicksilver dragons
  3 deep elf master archers (Elf:3)
  2 deep elf blademasters
  A walking frostbound tome (WizLab)
  8 titans
  Frances (Shoals:1)
  Gastronok (D:11)
  4 ancient champions
  2 death cobs (Zot:1)
  5 storm dragons
  3 krakens
  7 sphinxes
  Agnes (D:14)
  4 shadow dragons
  10 tengu reavers
  Donald (Vaults:3)
  The ghost of snetch the Peltast, an adept MiBe of Trog (Shoals:4)
  5 nagarajas
  4 draconian monks
  A draconian knight (Depths:4)
  8 frost giants
  5 revenants
  4 deep elf sorcerers
  3 fire giants
  Aizul (Snake:3)
  19 vault wardens
  3 draconian scorchers (Zot:1)
  An iron dragon (Depths:2)
  2 draconian shifters (Zot:1)
  2 draconian stormcallers (Zot:1)
  4 draconian annihilators
  An orc warlord (Bailey)
  8 deep elf elementalists (Elf:3)
  3 curse skulls
  17 ironbound preservers
  3 ghouls
  A caustic shrike skeleton (Depths:2)
  A broodmother (shapeshifter) (Depths:2)
  A reaper (Crypt:2)
  5 vampire knights
  7 green draconians
  13 stone giants
  10 ironbound thunderhulks
  12 very ugly things
  4 war gargoyles
  6 black draconians
  7 deep elf annihilators
  7 purple draconians
  11 white draconians
  3 deep elf demonologists
  6 yellow draconians
  A minotaur (Gauntlet)
  7 red draconians
  8 deep elf death magi
  3 spectral quicksilver dragons (Crypt:3)
  5 eidola
  4 crystal guardians
  4 jiangshi
  6 merfolk impalers
  An entropy weaver (Vaults:3)
  10 ettins
  8 fire dragons
  2 merfolk javelineers
  14 yaktaur captains
  2 spectral spriggans (Crypt:3)
  10 deep elf high priests
  A spectral fenstrider witch (Crypt:3)
  A quicksilver dragon skeleton (Crypt:1)
  Harold (D:11)
  34 vault guards
  A hydra (shapeshifter) (Vaults:4)
  12 rakshasas
  6 salamander tyrants
  3 peacekeepers
  12 ice dragons
  A juggernaut simulacrum (Crypt:3)
  3 hydras
  An alligator snapping turtle (Shoals:4)
  3 spriggan air magi (Depths:3)
  2 merfolk avatars
  5 boulder beetles
  5 merfolk aquamancers
  13 centaur warriors
  A fenstrider witch skeleton (Crypt:2)
  A spectral stone giant (Crypt:3)
  5 two-headed ogres
  Erica (D:11)
  8 ironbound frosthearts
  14 anacondas
  A death knight (D:14)
  3 deep troll shamans
  A satyr (Shoals:4)
  5 vampire magi
  20 naga warriors
  5 death yaks
  3 deep troll earth magi
  2 two-headed ogres (shapeshifter)
  8 tengu warriors
  5 orc high priests (Orc:2)
  42 dancing weapons
  5 spriggan berserkers
  3 spectral storm dragons (Crypt:3)
  9 shock serpents
  2 soul eaters
  2 spectral dire elephants (Crypt:3)
  A sun demon (Depths:2)
  Sonja (Orc:2)
  23 deep elf knights
  7 naga sharpshooters
  A fire crab (shapeshifter) (Vaults:4)
  3 salamander mystics (Snake:4)
  21 skeletal warriors
  2 fire crabs (Lair:4)
  5 iron trolls
  A spectral bunyip (Crypt:3)
  4 glowing orange brains
  4 large abominations (Elf:1)
  33 deep trolls
  4 shadow wraiths
  A golden dragon zombie (Crypt:1)
  A death drake (Depths:4)
  20 sea snakes
  A kraken simulacrum (Shoals:4)
  2 bog bodies
  5 flayed ghosts (Crypt:3)
  11 wizards
  13 harpies
  15 phantasmal warriors
  15 deep elf archers
  A shadow dragon zombie (Vaults:3)
  14 naga ritualists
  6 necromancers
  2 orc sorcerers (Orc:1)
  10 lindwurms
  13 orc knights
  39 deep elf pyromancers
  21 deep elf zephyrmancers
  A stone giant zombie (Crypt:2)
  16 ironbound convokers
  19 mana vipers
  A sphinx zombie (Vaults:3)
  29 ugly things
  14 manticores
  3 fauns
  An oklob plant (D:6)
  9 cyclopes
  Maurice (D:8)
  A frost giant skeleton (Depths:1)
  8 human skeletons
  A salamander (shapeshifter) (Vaults:5)
  A water nymph (Shoals:4)
  10 merfolk sirens
  A guardian serpent (shapeshifter) (D:13)
  6 moths of wrath
  30 salamanders
  A centaur zombie (Crypt:2)
  4 guardian serpents
  2 stone giant skeletons
  A moth of wrath (shapeshifter) (Vaults:4)
  6 elephants
  A fire giant skeleton (Crypt:3)
  4 elf zombies
  20 naga magi
  26 vault sentinels
  47 black mambas
  5 storm dragon simulacra (IceCv)
  An ice statue (Gauntlet)
  A titan simulacrum (Crypt:2)
  A gargoyle (D:10)
  9 torpor snails
  An elf skeleton (Vaults:3)
  A yaktaur zombie (Vaults:3)
  10 cane toads
  39 yaktaurs
  An unseen horror (D:11)
  A kobold demonologist (D:12)
  14 freezing wraiths
  15 komodo dragons
  A shock serpent skeleton (Crypt:1)
  2 rime drakes
  6 golden dragon simulacra (IceCv)
  2 guardian mummies
  2 spectral harpies (Crypt:3)
  A polar bear (shapeshifter) (D:13)
  A troll (D:9)
  A tengu conjurer (Depths:1)
  8 wind drakes
  A sea snake skeleton (Crypt:2)
  3 tyrant leeches (Lair:5)
  40 merfolk
  7 hornets
  A deep troll zombie (Vaults:2)
  36 slime creatures
  A death drake skeleton (Crypt:1)
  A polar bear (Lair:5)
  19 dream sheep
  A spriggan zombie (Depths:1)
  21 blink frogs
  An iron dragon simulacrum (Depths:2)
  A stone giant simulacrum (Crypt:3)
  Grinder (D:3)
  A snapping turtle (shapeshifter) (D:15)
  9 snapping turtles
  A frost giant simulacrum (Vaults:2)
  2 shadows
  2 centaur simulacra
  4 spriggans
  3 air elementals
  6 wyverns
  2 vampires (D:14)
  A spriggan (shapeshifter) (D:10)
  An ettin skeleton (Crypt:2)
  38 yaks
  31 water elementals
  7 wraiths
  4 basilisks
  3 fire elementals
  A steam dragon (D:7)
  A tyrant leech zombie (Crypt:2)
  A wind drake skeleton (Crypt:3)
  A glowing shapeshifter zombie (Depths:2)
  An ogre zombie (Vaults:3)
  4 wargs
  4 acid dragons
  56 nagas
  20 water moccasins
  A water moccasin (shapeshifter) (D:14)
  A floating eye (Depths:1)
  A two-headed ogre skeleton (Crypt:2)
  A deep troll skeleton (Crypt:1)
  3 sky beasts
  A demonspawn skeleton (Crypt:2)
  2 ice beasts
  8 ice dragon simulacra (IceCv)
  8 black bears
  49 orc warriors
  6 ogres
  11 centaurs
  20 wolves
  8 kobold brigands
  2 earth elementals
  16 bullfrogs
  2 gnoll sergeants (D:8)
  5 necrophages
  A scorpion (D:5)
  8 wights
  6 killer bees
  2 lindwurm simulacra (IceCv)
  3 howler monkeys
  5 electric eels
  A shapeshifter skeleton (Crypt:1)
  9 jellies
  20 orc priests
  2 hounds
  An iguana (D:4)
  Ijyb (D:3)
  Natasha (thrice) (D:3)
  A hell rat (D:10)
  14 orc wizards
  An acid dragon skeleton (Crypt:2)
  12 mummies
  3 gnolls
  A howler monkey skeleton (Crypt:2)
  11 adders
  2 river rats
  A steam dragon skeleton (Crypt:1)
  4 white imps
  2 ufetubi (D:5)
  8 worms
  5 dart slugs
  84 orcs
  13 ball pythons
  22 endoplasms
  2 giant cockroaches
  19 goblins
  19 hobgoblins
  4 jackals (D:5)
  11 quokkas
  5 bats
  6 frilled lizards
  A gnoll zombie (Ossuary)
  4 hobgoblin zombies (Ossuary)
  A jackal skeleton (Crypt:1)
  17 kobolds
  A kobold zombie (Crypt:3)
  3 orc zombies (Ossuary)
  13 rats
  A rat zombie (D:15)
  A river rat skeleton (Crypt:1)
  8 tentacles
2154 creatures vanquished.

Vanquished Creatures (collateral kills)
  4 golden dragons
  A quicksilver dragon (Zot:2)
  An ancient champion (Crypt:3)
  A death cob (Zot:2)
  A draconian monk (Depths:4)
  A revenant (Crypt:2)
  A fire giant (Vaults:5)
  A vault warden (Vaults:5)
  A reaper (Crypt:3)
  A stone giant (Vaults:5)
  An ironbound preserver (Vaults:5)
  2 green draconians
  A white draconian (Depths:4)
  A red draconian (Depths:4)
  3 eidola (Crypt:3)
  An ettin (Vaults:5)
  A jiangshi (Crypt:1)
  A vampire mage (Crypt:3)
  A spectral dire elephant (Crypt:3)
  A spectral storm dragon (Crypt:3)
  6 skeletal warriors (Crypt:3)
  4 flayed ghosts (Crypt:3)
  An iron troll (Depths:4)
  3 deep trolls
  3 phantasmal warriors
  A spectral ettin (Crypt:3)
  A moth of wrath (Zot:2)
  7 freezing wraiths (Crypt:3)
  4 guardian mummies (Crypt:3)
  A catoblepas skeleton (Crypt:3)
  A spectral harpy (Crypt:3)
  A dire elephant simulacrum (Crypt:3)
  A wraith (Crypt:3)
  A fire dragon skeleton (Crypt:3)
  A merfolk skeleton (Crypt:3)
  A swamp dragon skeleton (Crypt:3)
  An elf skeleton (Crypt:3)
  4 mummies (Crypt:3)
  A lava snake skeleton (Crypt:3)
  2 ball lightnings (Depths:4)
71 creatures vanquished.

Vanquished Creatures (others)
  A draconian knight (Zot:1)
  A rakshasa (WizLab)
  A merfolk aquamancer (Shoals:4)
  2 deep elf knights (Elf:3)
  A deep elf pyromancer (Elf:3)
  A naga mage (Snake:2)
  A tengu conjurer (D:10)
  A human (D:8)
  A hog skeleton (Crypt:2)
  70 ball lightnings
  4 demonic plants (Gauntlet)
  47 fungi
  268 plants
  12 tentacles
411 creatures vanquished.

Grand Total: 2636 creatures vanquished

Notes
Turn   | Place    | Note
-------+----------+-------------------------------------------
     0 | D:1      | Lobster4 the Human Air Elementalist began the quest for the
                  | Orb.
     0 | D:1      | Reached XP level 1. HP: 13/13 MP: 3/3
   136 | D:1      | Reached XP level 2. HP: 12/19 MP: 1/5
   734 | D:1      | Reached XP level 3. HP: 25/25 MP: 0/6
   992 | D:1      | Found a faded altar of an unknown god.
  1151 | D:2      | Reached skill level 1 in Fighting
  1177 | D:2      | Reached skill level 1 in Armour
  1316 | D:2      | Identified the +5 dagger "Seosh" {vorpal, Dex+7}
  1513 | D:2      | Reached XP level 4. HP: 32/32 MP: 3/7
  2493 | D:3      | Found a faded altar of an unknown god.
  2496 | D:3      | Found a radiant altar of Vehumet.
  2618 | D:3      | Reached XP level 5. HP: 24/37 MP: 8/8
  2632 | D:3      | Noticed Grinder
  2700 | D:3      | Identified the +6 chain mail of Joggoh {Drain rCorr Slay+5}
  2784 | D:3      | Found a glowing drain.
  2789 | Sewer    | Entered a sewer
  3006 | Sewer    | Reached skill level 1 in Short Blades
  3300 | Sewer    | Noticed a kobold brigand
  3318 | Sewer    | Killed a kobold brigand
  3319 | Sewer    | Reached XP level 6. HP: 38/44 MP: 8/10
  3408 | Sewer    | Reached XP level 7. HP: 50/50 MP: 5/11
  3767 | D:3      | Noticed Ijyb
  3789 | D:3      | Killed Ijyb
  3836 | D:3      | Learned a level 3 spell: Swiftness
  3839 | D:3      | Noticed Natasha
  3843 | D:3      | Killed Natasha
  3982 | D:3      | Paralysed by Grinder for 4 turns
  3987 | D:3      | Killed Grinder
  3988 | D:3      | Reached skill level 4 in Air Magic
  4436 | D:3      | Noticed Natasha
  4510 | D:3      | Became a worshipper of Vehumet
  4614 | D:4      | Reached skill level 1 in Evocations
  4614 | D:4      | Reached XP level 8. HP: 57/57 MP: 7/12
  4672 | D:4      | Found a sand-covered staircase.
  4687 | Ossuary  | Entered an ossuary
  5326 | D:4      | Reached * piety under Vehumet
  5326 | D:4      | Offered knowledge of Magic Dart by Vehumet.
  5329 | D:4      | Learned a level 1 spell: Magic Dart
  5400 | D:3      | Killed Natasha
  5433 | D:3      | Noticed Natasha
  5436 | D:3      | Killed Natasha
  5887 | D:4      | Found a shimmering blue altar of Sif Muna.
  6078 | D:5      | Entered Level 5 of the Dungeon
  6082 | D:5      | Found a snail-covered altar of Cheibriados.
  6094 | D:5      | Reached skill level 5 in Air Magic
  6426 | D:5      | Reached skill level 1 in Throwing
  6514 | D:5      | Found a sparkling altar of Nemelex Xobeh.
  7006 | D:5      | Reached XP level 9. HP: 64/64 MP: 9/14
  7281 | D:6      | Identified the +6 trident of the Loving Rat {vorpal, +Blink
                  | rPois rC+ Str+3 Stlth+}
  7497 | D:6      | Found Bela Deom's Hydra Hut.
  7511 | D:6      | Noticed a four-headed hydra
  7759 | D:6      | Reached skill level 1 in Polearms
  7909 | D:6      | Offered knowledge of Searing Ray by Vehumet.
  7917 | D:6      | Learned a level 2 spell: Searing Ray
  8064 | D:6      | Reached ** piety under Vehumet
  8065 | D:6      | Reached skill level 6 in Air Magic
  8226 | D:6      | Noticed an oklob plant
  8282 | D:6      | Found a sacrificial altar of Ru.
  8541 | D:7      | Found a flagged portal.
  8550 | Bailey   | Entered a bailey
  8897 | Bailey   | Noticed an orc knight
  8930 | Bailey   | Killed an orc knight
  8930 | Bailey   | Offered knowledge of Poisonous Vapours by Vehumet.
  8931 | Bailey   | Reached skill level 5 in Stealth
  8931 | Bailey   | Reached XP level 10. HP: 32/71 MP: 10/16
  8969 | Bailey   | Learned a level 2 spell: Poisonous Vapours
  9414 | Bailey   | Reached skill level 7 in Air Magic
  9626 | Bailey   | Reached *** piety under Vehumet
  9684 | Bailey   | Noticed an orc warlord
  9707 | Bailey   | Killed an orc warlord
  9708 | Bailey   | Reached skill level 5 in Spellcasting
  9708 | Bailey   | Reached skill level 5 in Conjurations
  9744 | Bailey   | Reached skill level 5 in Fighting
  9914 | D:7      | Acquired the +6 quick blade of Conservatism {vorpal, MP+9}
 10163 | D:7      | Learned a level 4 spell: Airstrike
 10195 | D:7      | Reached skill level 5 in Armour
 10224 | D:7      | Found a hazy altar of Hepliaklqana.
 10268 | D:7      | Found a white marble altar of Elyvilon.
 10369 | D:7      | Found a staircase to the Ecumenical Temple.
 10794 | D:8      | Found a shadowy altar of Dithmenos.
 10810 | D:8      | Reached skill level 5 in Short Blades
 10925 | D:8      | Reached skill level 8 in Air Magic
 10998 | D:8      | Noticed Maurice
 11011 | D:8      | Killed Maurice
 11012 | D:8      | Reached XP level 11. HP: 80/80 MP: 19/19
 11075 | D:8      | Found an ancient bone altar of Kikubaaqudgha.
 11120 | D:8      | Noticed a two-headed ogre
 11563 | D:8      | Reached skill level 1 in Shields
 11678 | D:8      | Offered knowledge of Stone Arrow by Vehumet.
 11683 | D:8      | Learned a level 3 spell: Stone Arrow
 11875 | D:7      | Noticed a green ugly thing
 12244 | D:8      | Killed a two-headed ogre
 12245 | D:8      | Reached skill level 1 in Earth Magic
 12609 | D:9      | Noticed a centaur warrior
 12793 | D:9      | Killed a centaur warrior
 12794 | D:9      | Reached skill level 9 in Air Magic
 13226 | D:9      | Noticed a wizard
 13432 | D:9      | Noticed a cyclops
 13496 | D:9      | Killed a wizard
 13505 | D:9      | Noticed a centaur warrior
 13565 | D:9      | Noticed a two-headed ogre
 13597 | D:9      | Killed a two-headed ogre
 13660 | D:9      | Noticed a deep elf pyromancer
 13708 | D:9      | Killed a centaur warrior
 13709 | D:9      | Reached XP level 12. HP: 54/89 MP: 21/21
 14179 | D:9      | Found a glowing silver altar of Zin.
 14411 | D:10     | Entered Level 10 of the Dungeon
 14411 | D:10     | Noticed a stone giant
 14411 | D:10     | Found a stormy altar of Qazlal.
 14412 | D:10     | Found a transporter.
 14418 | D:10     | Found an ornate altar of the Wu Jian Council.
 14484 | D:10     | Found a blossoming altar of Fedhas.
 14536 | D:10     | Reached **** piety under Vehumet
 14630 | D:10     | Found an iron altar of Okawaru.
 14756 | D:10     | Found an opulent altar of Gozag.
 15269 | D:10     | Noticed a death yak
 15288 | D:10     | Killed a death yak
 15288 | D:10     | Offered knowledge of Frozen Ramparts by Vehumet.
 15377 | D:10     | Noticed a death yak
 15379 | D:10     | Noticed a death yak
 15471 | D:10     | Found a staircase to the Lair.
 15481 | Lair:1   | Entered Level 1 of the Lair of Beasts
 15653 | Lair:1   | Noticed a boulder beetle
 15678 | Lair:1   | Killed a boulder beetle
 15679 | Lair:1   | Reached skill level 10 in Air Magic
 16482 | Lair:1   | Learned a level 3 spell: Frozen Ramparts
 16713 | Lair:1   | Reached XP level 13. HP: 96/96 MP: 23/23
 16726 | Lair:1   | Reached skill level 1 in Poison Magic
 17165 | Lair:2   | Reached skill level 1 in Ice Magic
 17229 | Lair:2   | Reached ***** piety under Vehumet
 17232 | Lair:2   | Offered knowledge of Fireball by Vehumet.
 17550 | Lair:2   | Found a staircase to the Snake Pit.
 17821 | Lair:2   | Identified the +1 robe of Benevolence {rN+}
 18221 | Lair:2   | You fall into a shaft and drop 2 floors!
 18423 | Lair:3   | Reached skill level 11 in Air Magic
 18705 | Lair:3   | Reached skill level 5 in Shields
 19013 | Lair:2   | Found a staircase to the Shoals.
 19224 | Lair:2   | Got the Parchment of the Sinister Volcanoes
 20017 | Lair:3   | Offered knowledge of Iron Shot by Vehumet.
 20025 | Lair:3   | Learned a level 5 spell: Lightning Bolt
 20349 | Lair:4   | Reached skill level 5 in Dodging
 20489 | Lair:4   | Reached XP level 14. HP: 104/104 MP: 25/25
 21207 | Lair:4   | Found the ring of the Tortoise {AC+8}
 21380 | Lair:4   | Reached skill level 12 in Air Magic
 21544 | Lair:4   | Identified the +4 hand axe of Unreason {flame, Will+}
 21882 | Lair:4   | Identified the ring "Ari Peps" {rC+ EV+4}
 22576 | Lair:5   | Entered Level 5 of the Lair of Beasts
 23115 | Lair:5   | Found a shimmering altar of Xom.
 23698 | Lair:5   | Found a staircase to the Slime Pits.
 23699 | Lair:5   | Found a viscous altar of Jiyva.
 24021 | Lair:5   | Found a runed translucent door.
 24182 | Lair:5   | Offered knowledge of Irradiate by Vehumet.
 24189 | Lair:5   | Learned a level 5 spell: Freezing Cloud
 24744 | D:10     | Reached XP level 15. HP: 53/112 MP: 3/27
 25182 | D:10     | Found a transporter.
 26381 | D:11     | Noticed Erica
 26390 | D:11     | Killed Erica
 26391 | D:11     | Reached skill level 5 in Poison Magic
 26625 | D:11     | Noticed Harold
 26647 | D:11     | Killed Harold
 26665 | D:11     | Found a gate leading to a gauntlet.
 26674 | Gauntlet | Entered a Gauntlet
 26674 | Gauntlet | Found a transporter.
 26674 | Gauntlet | Found a runed translucent door.
 26675 | Gauntlet | Found a runed translucent door.
 26679 | Gauntlet | Found a transporter.
 26681 | Gauntlet | Found a transporter.
 26694 | Gauntlet | Found a transporter.
 26695 | Gauntlet | Found a transporter.
 26704 | Gauntlet | Found a transporter.
 26720 | Gauntlet | Found a transporter.
 26731 | Gauntlet | Found a transporter.
 26744 | Gauntlet | Found a transporter.
 26749 | Gauntlet | Found a transporter.
 26764 | Gauntlet | Found a transporter.
 26777 | Gauntlet | Found a transporter.
 26777 | Gauntlet | Found a transporter.
 26834 | Gauntlet | Found a transporter.
 26837 | Gauntlet | Found a runed translucent door.
 27537 | D:11     | Noticed Gastronok
 27551 | D:11     | Killed Gastronok
 28036 | D:12     | Reached skill level 13 in Air Magic
 28876 | D:12     | Offered knowledge of Yara's Violent Unravelling by Vehumet.
 28922 | D:12     | Found a staircase to the Orcish Mines.
 29250 | D:12     | Identified the +1 ring mail of Anolu {rElec rPois rN+
                  | Int-2}
 29732 | Orc:1    | Entered Level 1 of the Orcish Mines
 30665 | Orc:2    | Entered Level 2 of the Orcish Mines
 30794 | Orc:2    | Found a staircase to the Elven Halls.
 30983 | Orc:2    | Found Ojograss's Magic Scroll Emporium.
 31066 | Orc:2    | Noticed Sonja
 31075 | Orc:2    | Killed Sonja
 31956 | Orc:2    | Reached XP level 16. HP: 120/120 MP: 23/29
 32060 | Orc:2    | Reached skill level 5 in Ice Magic
 32209 | Orc:2    | Found Piyz Udgh's Weapon Emporium.
 32212 | Orc:2    | Found Toiteni's Book Emporium.
 32213 | Orc:2    | Found Ciesiukh's General Store.
 32214 | Orc:2    | Found Wituwn's Antique Weapon Shoppe.
 32747 | D:13     | Found a gate to the Vaults.
 32780 | D:13     | Reached skill level 10 in Conjurations
 32804 | D:13     | Reached skill level 14 in Air Magic
 32879 | D:13     | Reached skill level 10 in Fighting
 33627 | D:14     | Noticed Roxanne
 33918 | D:14     | Noticed Agnes
 33924 | D:14     | Killed Agnes
 33927 | D:14     | Found a runed translucent gate.
 33927 | D:14     | Found a runed translucent gate.
 33927 | D:14     | Found a runed translucent gate.
 34035 | D:14     | Noticed a frost giant
 34369 | D:14     | Found a runed translucent gate.
 34369 | D:14     | Found a runed translucent gate.
 34369 | D:14     | Found a runed translucent gate.
 34994 | D:14     | Noticed an azure jelly
 34994 | D:14     | an azure jelly changed into a quicksilver dragon
 34994 | D:14     | Noticed a quicksilver dragon (glowing shapeshifter)
 35003 | D:14     | a quicksilver dragon changed into an azure jelly
 35003 | D:14     | Noticed an azure jelly (glowing shapeshifter)
 35045 | D:15     | Entered Level 15 of the Dungeon
 35045 | D:15     | Found Ihett's Armour Shoppe.
 35090 | D:15     | Reached skill level 10 in Spellcasting
 35438 | D:15     | Reached skill level 15 in Air Magic
 35438 | D:15     | Reached XP level 17. HP: 117/129 MP: 30/31
 35598 | D:15     | Reached ****** piety under Vehumet
 35631 | D:15     | Identified the +10 sling "Duhyrew" {drain, rN++ Str-2}
 35977 | D:15     | Found an ancient bone altar of Kikubaaqudgha.
 36055 | D:15     | Found a staircase to the Depths.
 36405 | Snake:1  | Entered Level 1 of the Snake Pit
 36528 | Snake:1  | Offered knowledge of Iskenderun's Battlesphere by Vehumet.
 37135 | Snake:1  | Found Henot's Weapon Emporium.
 38642 | Snake:2  | Reached skill level 1 in Ranged Weapons
 39512 | Snake:2  | Offered knowledge of Orb of Destruction by Vehumet.
 40114 | Snake:2  | Reached XP level 18. HP: 129/138 MP: 18/32
 41237 | Snake:3  | Noticed Aizul
 41459 | Snake:3  | Reached skill level 16 in Air Magic
 41732 | Snake:3  | Killed Aizul
 42047 | Snake:3  | Found Axzam's Armour Shoppe.
 42702 | Snake:3  | Offered knowledge of Eringya's Noxious Bog by Vehumet.
 43129 | Snake:4  | Entered Level 4 of the Snake Pit
 43295 | Snake:4  | Noticed Vashnia
 43860 | Snake:4  | Killed Vashnia
 44517 | Snake:4  | Found Xogitexi's Book Boutique.
 44561 | Snake:4  | Reached XP level 19. HP: 138/146 MP: 12/34
 45742 | Snake:4  | Reached skill level 5 in Ranged Weapons
 45742 | Snake:4  | Reached skill level 17 in Air Magic
 46919 | Snake:4  | Got a serpentine rune of Zot
 47200 | Vaults:1 | Entered Level 1 of the Vaults
 48116 | Vaults:1 | Offered knowledge of Lehudib's Crystal Spear by Vehumet.
 48116 | Vaults:1 | Offered knowledge of Fire Storm by Vehumet.
 48116 | Vaults:1 | Offered knowledge of Chain Lightning by Vehumet.
 48123 | Vaults:1 | Learned a level 5 spell: Arcjolt
 48490 | Vaults:1 | Identified the +3 morningstar of the Healing Augurer {holy,
                  | +Blink rF- rC+ Dex+2}
 49546 | Vaults:1 | Noticed Asterion
 50209 | Vaults:2 | Reached XP level 20. HP: 50/155 MP: 33/35
 50466 | Vaults:2 | Found Utwoos's Book Boutique.
 53232 | Vaults:3 | Reached skill level 18 in Air Magic
 53817 | Vaults:3 | Identified the +0 kite shield of Boredom {+Inv}
 53817 | Vaults:3 | Noticed Donald
 54193 | Vaults:3 | Noticed Zenata
 54339 | Vaults:3 | Killed Zenata
 54742 | Vaults:3 | Killed Donald
 55706 | Vaults:3 | Reached XP level 21. HP: 100/162 MP: 18/37
 56137 | Vaults:3 | Found a staircase to the Crypt.
 59517 | Depths:1 | Entered Level 1 of the Depths
 60034 | Depths:1 | Identified the amulet of Zeriarorgh {Acrobat Will+ Regen+}
 60371 | Depths:1 | You fall into a shaft and drop 1 floor!
 60371 | Depths:2 | Noticed a juggernaut
 60371 | Depths:2 | Noticed an iron giant
 60371 | Depths:2 | Found the +10 dark maul {vorpal}
 60382 | Depths:2 | HP: 6/163 [stone giant (9)]
 60831 | Depths:2 | Found a gateway to Hell.
 61445 | Depths:1 | Paralysed by a sphinx for 3 turns
 61457 | Depths:1 | Paralysed by a floating eye for 4 turns
 62772 | Depths:2 | Found Lufot's Assorted Antiques.
 62841 | Depths:2 | Found Finoiska's Distillery.
 62871 | Depths:2 | Killed a juggernaut
 62872 | Depths:2 | Reached XP level 22. HP: 126/170 MP: 20/38
 63310 | Depths:2 | Reached skill level 19 in Air Magic
 63744 | Depths:2 | Found a one-way gateway to a ziggurat.
 64011 | Depths:2 | Reached skill level 10 in Dodging
 64468 | Depths:2 | Found the +7 captain's cutlass {speed, disarm}
 64469 | Depths:2 | Found Hueps's General Store.
 65169 | Depths:2 | Found a one-way gate leading to the halls of Pandemonium.
 65834 | Orc:2    | Bought a scroll of blinking for 105 gold pieces
 65834 | Orc:2    | Bought a scroll of blinking for 105 gold pieces
 66256 | Depths:3 | Identified the amulet "Zudoap" {Faith rC+ rN+ Regen+ Str+2}
 66260 | Depths:3 | Noticed a juggernaut
 66263 | Depths:3 | Reached skill level 10 in Stealth
 67172 | Depths:3 | Reached skill level 10 in Shields
 67426 | Depths:3 | Found a one-way gate to the infinite horrors of the Abyss.
 67497 | Depths:3 | Reached skill level 10 in Short Blades
 68094 | Elf:1    | Entered Level 1 of the Elven Halls
 68343 | Elf:1    | Found a radiant altar of Vehumet.
 68593 | Elf:1    | Paralysed by an air elemental for 1 turns
 69130 | Elf:1    | Identified the +9 short sword of Bloody Death {freeze,
                  | *Rage *Slow rF+ rN+++}
 69156 | Elf:1    | Found Siemior's Antique Armour Shop.
 69167 | Elf:1    | Bought the +2 shield of Resistance {rF++ rC++ Will++} for
                  | 2044 gold pieces
 69167 | Elf:1    | Found the +2 shield of Resistance {rF++ rC++ Will++}
 69940 | Elf:1    | Got the Incunabulum of Evil Arts
 70234 | Elf:2    | Reached skill level 10 in Armour
 70364 | Elf:2    | Learned a level 4 spell: Olgreb's Toxic Radiance
 71006 | Elf:2    | Reached XP level 23. HP: 178/178 MP: 26/39
 71135 | Elf:2    | Found a runed translucent gate.
 71136 | Elf:2    | Found a runed translucent gate.
 71136 | Elf:2    | Found a runed translucent gate.
 71288 | Elf:3    | Entered Level 3 of the Elven Halls
 71434 | Elf:3    | Found an ancient bone altar of Kikubaaqudgha.
 72049 | Elf:3    | Found a runed translucent door.
 72142 | Elf:3    | Paralysed by an air elemental for 1 turns
 72225 | Elf:3    | Got the Writings on Despicable Magic
 72534 | Elf:3    | Reached skill level 20 in Air Magic
 73121 | Elf:3    | Identified the +3 scale mail "Zeomiy" {+Blink +Inv rF+ rC-}
 73213 | Elf:3    | Identified the +3 plate armour of Fiarou {rElec rN+ Int+4}
 73382 | Elf:3    | Reached skill level 10 in Ranged Weapons
 73418 | Elf:3    | Identified the +0 chain mail "Hequkh" {Int+3}
 73576 | Elf:3    | Identified the +1 scale mail of the Thunderstorm {-Tele
                  | Will++ Str-3 Dex+8}
 73912 | Elf:3    | Got Ynnan's Spellcasting Continued
 73943 | Elf:3    | Got the Verses on the Traveller
 74248 | Orc:2    | Bought a bloodstained dagger for 189 gold pieces
 74248 | Orc:2    | Identified the +8 dagger "Miroesauv" {vorpal, rPois Will+
                  | Str+3} (You bought it in a shop on level 2 of the Orcish
                  | Mines)
 74641 | Shoals:1 | Entered Level 1 of the Shoals
 74776 | Shoals:1 | Noticed Frances
 74782 | Shoals:1 | Killed Frances
 76245 | Depths:2 | Bought the ring of the Mage {Wiz Archmagi} for 2244 gold
                  | pieces
 76245 | Depths:2 | Found the ring of the Mage {Wiz Archmagi}
 76532 | Shoals:2 | Acquired 559 gold pieces
 76563 | Shoals:2 | Found a frozen archway.
 76576 | Shoals:2 | Identified the ring "Pykhlis" {rF+ rN+ SInv Stlth+}
 76587 | IceCv    | Entered an ice cave
 77211 | IceCv    | Noticed a golden dragon
 77334 | IceCv    | Reached skill level 15 in Conjurations
 77407 | IceCv    | Killed a golden dragon
 77423 | IceCv    | Identified the ring "Poath" {Drain Fly Will++ Slay+4
                  | Stlth+}
 77429 | IceCv    | Identified the ring of Paranoia {rElec rPois rC+ Stlth-}
 77432 | IceCv    | Identified the ring "Reat Dam" {Fire Str+4 Int+4 Dex-5}
 77438 | IceCv    | Got the Octavo of Glaciation
 77671 | Shoals:2 | Identified the +1 long sword of Integrity {pain, Fly Str+4
                  | Int+2}
 77769 | Shoals:2 | Reached skill level 10 in Poison Magic
 77769 | Shoals:2 | Reached XP level 24. HP: 187/187 MP: 39/39
 79315 | Shoals:3 | Reached skill level 15 in Fighting
 80238 | Shoals:4 | Entered Level 4 of the Shoals
 80630 | Shoals:4 | Found a runed translucent door.
 81053 | Shoals:4 | Noticed snetch's ghost (adept MiBe)
 81849 | Shoals:4 | Reached skill level 21 in Air Magic
 81927 | Shoals:4 | Got a barnacled rune of Zot
 82896 | Shoals:4 | Killed snetch's ghost
 82906 | Shoals:4 | Identified the +4 great mace of Botuawuar {flame, rC- rCorr
                  | Dex+2}
 83260 | Vaults:3 | Reached skill level 1 in Summonings
 83369 | Crypt:1  | Entered Level 1 of the Crypt
 83721 | Crypt:1  | Learned a level 4 spell: Summon Lightning Spire
 84138 | Crypt:1  | Noticed Sojobo
 84581 | Crypt:1  | Killed Sojobo
 85152 | Crypt:2  | Noticed Bai Suzhen
 85502 | Crypt:2  | Killed Bai Suzhen
 85726 | Crypt:2  | Reached XP level 25. HP: 195/195 MP: 26/39
 86547 | Crypt:3  | Entered Level 3 of the Crypt
 88632 | Crypt:3  | Identified the ring of Amelioration {rPois rF+ rN+ Slay+3}
 89129 | Crypt:3  | Found a staircase to the Tomb.
 89943 | Crypt:3  | Reached skill level 22 in Air Magic
 90336 | Crypt:3  | Found the +8 demon blade "Leech" {vamp, Harm Drain rN+}
 90363 | Crypt:3  | Identified the ring of Evoabb {rF+ rN+}
 90681 | Crypt:3  | Identified the +1 plate armour of the Barnacle {-Tele rC+
                  | rN+ Will+ rCorr}
 92768 | D:14     | Noticed a shard shrike
 92768 | D:14     | a shard shrike changed into a juggernaut
 92768 | D:14     | Noticed a juggernaut (glowing shapeshifter)
 92771 | D:14     | a juggernaut changed into a shard shrike
 92771 | D:14     | Noticed a shard shrike (glowing shapeshifter)
 93014 | Vaults:5 | Entered Level 5 of the Vaults
 93260 | Vaults:4 | Reached XP level 26. HP: 179/205 MP: 33/39
 94399 | Vaults:5 | Noticed a dread lich
 94475 | Vaults:4 | Killed a dread lich
 94846 | Vaults:5 | Identified the +8 flail of Muat {freeze, Will+ Str+3}
 94893 | Vaults:5 | Identified the +8 trident of Truncation {holy, SInv}
 95760 | Vaults:5 | Identified the +1 falchion of the Girdle {elec, rElec}
 95860 | Vaults:5 | Identified the +5 quarterstaff of the Secret Deaths {venom,
                  | rCorr Str+3}
 95865 | Vaults:5 | Identified the amulet of Hungo {Faith rCorr}
 95885 | Vaults:5 | Reached skill level 23 in Air Magic
 97020 | Vaults:5 | Got a silver rune of Zot
 97701 | Vaults:5 | Identified the +1 scale mail of Itiacuib {+Inv Regen+
                  | Int+4}
 97784 | Vaults:5 | Identified the +1 chain mail "Vicod" {Harm rC+ Dex+4}
 98477 | Depths:3 | Found a runed translucent door.
 98495 | Depths:3 | Identified the +4 scale mail of Oplaejik {Contam Fly rPois
                  | Slay+2}
 99018 | Depths:3 | Killed a juggernaut
 99283 | Depths:4 | Entered Level 4 of the Depths
 99329 | Depths:4 | Found a magical portal.
 99329 | Depths:4 | Noticed Vv
 99388 | WizLab   | Entered Tukima's Studio
100288 | WizLab   | Reached XP level 27. HP: 200/214 MP: 12/39
100625 | WizLab   | Learned a level 6 spell: Conjure Ball Lightning
100754 | WizLab   | Noticed Lobster4's illusion
101704 | Depths:4 | Killed Vv
103359 | Depths:4 | Identified the +1 long sword of Shrieking Terror {freeze,
                  | rElec rF+}
104685 | Depths:4 | Reached skill level 24 in Air Magic
105113 | Depths:4 | Found a gate to the Realm of Zot.
105386 | Zot:1    | Entered Level 1 of the Realm of Zot
105427 | Zot:1    | Reached skill level 15 in Short Blades
107601 | Zot:2    | You fall into a shaft and drop 2 floors!
107610 | Zot:4    | Noticed an orb of fire
107611 | Zot:4    | Gained mutation: Armour fits poorly on your strangely
                  | shaped body. [an orb of fire]
107614 | Zot:4    | Slain by a black draconian

Illustrated notes

Levels and vault maps discovered:
D:1:      lemuel_arrival_lava_pool, layout_loops_ring, basic_ecumenical_altar
D:2:      layout_basic, serial_corexii_hall, corexii_hall_statues_deadend,
          corexii_hall_statues_x, chequers_hall_statues_wall_a,
          chequers_hall_statues_y, corexii_hall_statues_i,
          corexii_hall_statues_x, serial_bayou_pond_e
D:3:      wad_woods_tower, layout_loops_cross,
          nicolae_overflow_ecumenical_swirl, gup_sewer_entry_spiral,
          st_stairs_10, minmay_close_crescents, uniq_ijyb, uniq_natasha,
          uniq_grinder
D:4:      layout_basic, kennysheep_orc_sif_temple, enter_ossuary_5,
          serial_bayou_pond_c
D:5:      layout_loops_cross, lemuel_tele_altar, kennysheep_mini_moat,
          serial_co_window_serial, co_window_paths_a, co_window_paths_a,
          co_window_cross_1, co_window_paths_a, co_window_paths_a,
          co_window_corner_a, co_window_paths_a, co_window_paths_a,
          co_window_corner_a, co_window_corner_b, co_window_2corner,
          co_window_corner_b, co_window_of_opportunity_c, glass_columns_a,
          glass_columns_a
D:6:      lemuel_slime, layout_cave_pools, nicolae_overflow_crystal_walls,
          grunt_ministairs_4, doesnt_shop_hydraphobe
D:7:      minmay_klotski, layout_rooms, nicolae_hepliaklqana_hippocampus,
          old_standard_altar, minmay_temple_entry_grid, enter_bailey_6,
          serial_bayou, serial_bayou_crossing, serial_bayou_pond_d,
          serial_bayou_pond_a, hangedman_decor_push
D:8:      minmay_razor_zed, layout_loops_cross, tgw_kikubaaqudgha,
          nicolae_dithmenos_shadow_blocks, uniq_maurice
D:9:      minmay_bloctagon_deflated, layout_basic, zin_treasury,
          small_chamber_with_monster
D:10:     layout_stronghold, hellmonk_okawaru_the_only_friend_you_need,
          mainiacjoe_overflow_tiny_flanked, gammafunk_temple_overflow_arena,
          chequers_temple_overflow_statue_of_worship, dpeg_lair_monsters
D:11:     layout_stronghold, gauntlet_entry_generic, corexii_leaking_fountain,
          uniq_gastronok, uniq_erica, uniq_harold
D:12:     layout_stronghold, minmay_orc_entry_guard_dogs
D:13:     layout_rooms, erik_vaults_2
D:14:     kennysheep_treasure_stockpile, layout_basic, uniq_agnes, uniq_roxanne
D:15:     gammafunk_enter_depths_forms, layout_grid_maze, serial_shops, shop,
          lemuel_zombie_altar_kikubaaqudgha
Lair:1:   layout_roguey, st_stairs_12, grunt_megastairs_1, serial_bayou_shore_a
Lair:2:   layout_misc_corridors, minmay_shoals_entry_lonely_mermaid,
          minmay_snake_entry_guardpost_small, wad_woods_02
Lair:3:   layout_misc_corridors, grunt_megastairs_2
Lair:4:   nzn_winding_woodlands_huge [nzn_winding_woodlands_5x15_twine,
          nzn_winding_woodlands_5x15_pathside_ponds,
          nzn_winding_woodlands_5x15_split_checker,
          nzn_winding_woodlands_5x15_pool,
          nzn_winding_woodlands_5x15_river_crossing,
          nzn_winding_woodlands_5x15_jagged, nzn_winding_woodlands_5x15_zeroes,
          nzn_winding_woodlands_5x15_parted, nzn_winding_woodlands_5x15_eye,
          nzn_winding_woodlands_5x15_cabin,
          nzn_winding_woodlands_center_diamonds,
          nzn_winding_woodlands_center_garden,
          nzn_winding_woodlands_15x15_boxy_spiral], layout_regular_city
Lair:5:   wormcave, layout_regular_city, nicolae_slime_entry_slimehenge,
          basic_altar, infiniplex_staircase_pool_2
Shoals:1: layout_shoals, uniq_frances
Shoals:2: layout_shoals, portal_ice_cave_entry_pillars_four
Shoals:3: layout_shoals, nicolae_shoals_isolated_beach
Shoals:4: shoals_end_grunt_ice, layout_shoals, ebering_ghost_inner_flame
Snake:1:  layout_misc_corridors, serial_shops, nicolae_shop_statue_plus
Snake:2:  layout_misc_corridors, nicolae_snake_round_shape_thing,
          grunt_ministairs_8
Snake:3:  layout_rooms, serial_shops, shop, uniq_aizul
Snake:4:  johnstein_snake_rune_scales, layout_grid_shapes, serial_shops,
          nicolae_shop_behind_doors
Orc:1:    layout_caves, serial_shops, nicolae_shop_statue_plus, uniq_josephine
Orc:2:    st_orc_pillars, layout_diamond_mine, serial_shops, shop, uniq_sonja
Elf:1:    eino_elf_arrival_altar, layout_gridlike, serial_shops, shop,
          minmay_elf_necromancy
Elf:2:    nicolae_elf_blades_crystal_corner, layout_loops_corners,
          serial_sigils, serial_sigils_hangedman_snap,
          serial_sigils_hangedman_quiver, serial_sigils_hangedman_quiver,
          serial_sigils_hangedman_confine, minivault_16, drop_trap
Elf:3:    minmay_elf_hall_not_hex, layout_geoelf_grid, basic_altar,
          minivault_13, grunt_megastairs_3
Vaults:1: v_pattern_4, vaults_room_fours, v_misc_9, hangedman_vaults_hat,
          grunt_vaults_hallway_short, v_misc_3, dpeg_vaults_hating_casters,
          nicolae_vaults_yaktaur_gun_rack, layout_vaults_quadrants,
          uniq_asterion
Vaults:2: v_alt_pattern_6, grunt_vaults_swirl, nicolae_vaults_little_squares_3,
          nicolae_vaults_little_squares_2, v_alt_pattern_2, v_pattern_3,
          nicolae_vaults_specimen_jars, v_misc_23, hangedman_vaults_impose,
          v_misc_3, nicolae_vaults_little_squares_4, v_alt_pattern_6,
          nicolae_vaults_little_squares_3, vaults_room_mumra_shop_pool,
          layout_vaults_omnibox
Vaults:3: v_alt_pattern_1, v_rooms_3, dpeg_vaults_pockets_of_resistance,
          minmay_crypt_entry_simple_sparse, hangedman_vaults_snaps,
          vaults_mumra_hex, vaults_dpeg_emergency_exit,
          vaults_mumra_minichess_inversion, v_misc_4, v_misc_32,
          ontoclasm_vaults_ligature, layout_vaults_omnicross, uniq_donald,
          uniq_zenata
Vaults:4: v_misc_17, v_misc_29, hangedman_vaults_nodes,
          hangedman_vaults_river_flow, hangedman_vaults_stretched_pinwheel,
          nicolae_vaults_rhombus_5, v_misc_14, nicolae_vaults_border_crossing,
          ontoclasm_vaults_shuriken, ontoclasm_vaults_decontamination,
          nicolae_vaults_shelves_hall, ontoclasm_vaults_loading_screen,
          layout_vaults_ring
Vaults:5: serial_shops
Crypt:1:  layout_misc_corridors, serial_sigils_hangedman_leer, st_stairs_2,
          grunt_crypt_arrival_guarded_gate, uniq_sojobo
Crypt:2:  layout_misc_corridors, lemuel_upstairs_altar, uniq_bai_suzhen
Crypt:3:  due_elkab, layout_chaotic_city, nicolae_tomb_entry_grand_gallery,
          minivault_23
Depths:1: layout_small_grid, pf_coc_iceberg, evilmike_minifort,
          roderic_lattice_octagonal_star
Depths:2: minmay_roctagon, layout_gridlike, enter_ziggurat_e, pan_entry,
          minmay_misc_feat_x, serial_shops, shop, kennysheep_mini, shop,
          hangedman_geh_valley, hangedman_decor_lopped, minivault_16
Depths:3: minmay_the_grid_triangle_9x9_rhombus_full_mashed
          [minmay_the_grid_triangle_9x9_wacky_v,
          minmay_the_grid_triangle_9x9_subtriangle,
          minmay_the_grid_triangle_9x9_from_above,
          minmay_the_grid_triangle_9x9_longest,
          minmay_the_grid_triangle_9x9_zippers_horizontal,
          minmay_the_grid_triangle_9x9_descending_squares,
          minmay_the_grid_triangle_9x9_dagger,
          minmay_the_grid_triangle_9x9_prize_center], layout_basic, abyss_entry,
          nicolae_twisting_strands, hell_entry, infiniplex_staircase_squiggle
Depths:4: lemuel_castle_with_subvaults [lemuel_castle_interior_carwin_1],
          layout_gridlike, kennysheep_pointless_box, grunt_hell_entry_dis_mu,
          mu_enter_wizlab_4, minmay_strange_pillars, uniq_vv
Zot:1:    layout_basic
Zot:2:    layout_cathedral_of_symmetry, grunt_megastairs_5
Zot:4:    layout_misc_corridors, uniq_tiamat

Skill      XL: |  1  2  3  4  5  6  7  8  9 10 11 12 13 14 15 16 17 18 19 20 21 22 23 24 25 26 27 |
---------------+----------------------------------------------------------------------------------+-----
Fighting       | 1 2 3 4 5 6 7 8 9 10 11 12 13 14 15 16 17 18 | 18.9
Armour         | 1 2 3 4 5 6 7 8 9 10 | 10.0
Short Blades   | 1 2 3 5 6 7 8 9 10 11 12 13 14 15 | 15.0
Conjurations   | 2 3 4 5 6 7 8 9 10 11 12 13 14 15 16 17 18 | 18.2
Dodging        | 3 4 5 6 7 8 9 10 | 10.0
Stealth        | 3 4 5 6 7 8 9 10 | 10.0
Spellcasting   | 3 4 5 6 7 8 9 10 11 12 | 12.0
Air Magic      | 4 5 6 8 9 10 11 12 13 15 16 17 18 19 20 21 22 23 24 | 24.7
Evocations     | 1 2 3 |  3.0
Throwing       | 1 |  1.0
Polearms       | 2 |  2.0
Shields        | 2 4 5 6 7 8 9 10 | 10.0
Earth Magic    | 2 3 |  3.0
Poison Magic   | 3 4 5 6 7 8 10 | 10.0
Ice Magic      | 3 4 5 6 |  6.0
Ranged Weapons | 1 4 6 7 8 9 10 11 12 13 14 | 14.0
Summonings     | 4 |  4.0

Action                   |  1- 3 |  4- 6 |  7- 9 | 10-12 | 13-15 | 16-18 | 19-21 | 22-24 | 25-27 || total
-------------------------+-------+-------+-------+-------+-------+-------+-------+-------+-------++-------
Melee: Quarterstaff      |    14 |       |       |       |       |       |       |       |       ||    14
       Dagger            |     1 |    72 |   102 |     4 |       |       |       |       |       ||   179
       Quick blade       |       |       |       |   242 |   689 |   208 |   399 |   168 |   437 ||  2143
       Punch             |       |       |       |     3 |       |       |       |       |       ||     3
       Hand axe          |       |       |       |       |       |       |     7 |       |       ||     7
       Cutlass           |       |       |       |       |       |       |       |    24 |       ||    24
 Fire: Sling             |       |       |       |       |       |   229 |   345 |   285 |   433 ||  1292
Throw: Dart              |       |       |     9 |    13 |     6 |     1 |       |       |       ||    29
 Cast: Shock             |    60 |    71 |   247 |   252 |    96 |    40 |    27 |    37 |   247 ||  1077
       Magic Dart        |       |       |    26 |     5 |     3 |       |       |       |     8 ||    42
       Searing Ray       |       |       |       |     8 |    12 |     4 |       |     2 |     2 ||    28
       Airstrike         |       |       |       |    87 |   381 |   303 |   272 |   452 |   319 ||  1814
       Poisonous Vapours |       |       |       |     3 |   124 |    11 |    34 |   102 |    26 ||   300
       Frozen Ramparts   |       |       |       |       |    54 |    35 |    49 |    31 |    36 ||   205
       Lightning Bolt    |       |       |       |       |    37 |    20 |    53 |   140 |   171 ||   421
       Stone Arrow       |       |       |       |       |     7 |   133 |   214 |   293 |   211 ||   858
       Freezing Cloud    |       |       |       |       |    22 |   152 |   118 |   123 |    74 ||   489
       Arcjolt           |       |       |       |       |       |       |    11 |    20 |    90 ||   121
       Swiftness         |       |       |       |       |       |       |     1 |     6 |     6 ||    13
       Olgreb's Toxic Ra |       |       |       |       |       |       |       |    17 |     8 ||    25
       Summon Lightning  |       |       |       |       |       |       |       |     2 |    97 ||    99
       Conjure Ball Ligh |       |       |       |       |       |       |       |       |    29 ||    29
Evoke: Wand              |       |       |     4 |    16 |       |     1 |     3 |    10 |     8 ||    42
       Tin of tremorston |       |       |       |       |       |       |     1 |     4 |     2 ||     7
       Box of beasts     |       |       |       |       |       |       |       |     2 |     1 ||     3
       Lightning rod     |       |       |       |       |       |       |       |       |     4 ||     4
       Condenser vane    |       |       |       |       |       |       |       |       |     2 ||     2
       Phantom mirror    |       |       |       |       |       |       |       |       |     1 ||     1
  Use: Scroll            |       |     8 |    10 |     9 |     9 |    12 |    13 |    11 |    16 ||    88
       Potion            |       |     1 |       |     2 |     4 |     6 |    12 |     6 |    16 ||    47
 Stab: Sleeping          |     2 |     8 |    10 |     2 |     4 |     2 |    13 |     3 |     3 ||    47
       Distracted        |       |       |       |       |     1 |       |     1 |     1 |     9 ||    12
       Invisible         |       |       |       |       |       |       |       |     1 |     1 ||     2
Armor: Robe              |     3 |     3 |     5 |       |     1 |    26 |       |       |       ||    38
       Leather armour    |       |       |    30 |    68 |   116 |       |       |       |       ||   214
       Ring mail         |       |       |       |       |     1 |    95 |   144 |   207 |   617 ||  1064
       Skin              |       |       |       |       |       |       |       |       |    43 ||    43
Dodge: Dodged            |    15 |    36 |    62 |   110 |   202 |   205 |   238 |   216 |   476 ||  1560
Block: Buckler           |       |       |       |    43 |   109 |   139 |    52 |       |       ||   343
       Reflection        |       |       |       |     2 |       |    28 |    43 |    79 |    33 ||   185
       Kite shield       |       |       |       |       |       |       |   354 |   499 |   997 ||  1850

Table legend: (Time is in decaauts)
 A = Elapsed time spent in this place.
 B = Non-inter-level travel time spent in this place.
 C = Inter-level travel time spent in this place.
 D = Time resting spent in this place.
 E = Time spent auto-exploring this place.
 F = Levels seen in this place.
 G = Mean time per level.
                   A        B        C        D        E       F      G
               +--------+--------+--------+--------+--------+-----+--------+
         Total | 106963 |  98049 |   8914 |  38927 |  38446 |  54 | 1980.8 |
       Dungeon |  23822 |  20125 |   3697 |   4971 |  11201 |  15 | 1588.1 |
          Lair |   9429 |   8825 |    604 |   2644 |   4754 |   5 | 1885.8 |
        Shoals |   6695 |   6540 |    155 |   1867 |   3626 |   4 | 1673.8 |
     Snake Pit |  10630 |  10134 |    496 |   5066 |   3054 |   4 | 2657.5 |
  Orcish Mines |   2482 |   1956 |    526 |    579 |    838 |   2 | 1241.0 |
   Elven Halls |   7070 |   6541 |    529 |   2037 |   3138 |   3 | 2356.7 |
        Vaults |  17789 |  16461 |   1328 |   7899 |   5457 |   5 | 3557.8 |
         Crypt |   7500 |   6816 |    684 |   3201 |   1818 |   3 | 2500.0 |
        Depths |  13594 |  12855 |    739 |   7077 |   2896 |   4 | 3398.5 |
           Zot |   2079 |   1928 |    151 |    868 |    552 |   3 |  693.0 |
         Sewer |    831 |    831 |      0 |    173 |    486 |   1 |  831.0 |
       Ossuary |    372 |    372 |      0 |    157 |     11 |   1 |  372.0 |
        Bailey |   1349 |   1349 |      0 |    560 |    156 |   1 | 1349.0 |
      Ice Cave |   1006 |   1006 |      0 |    431 |    196 |   1 | 1006.0 |
        Wizlab |   1550 |   1550 |      0 |   1101 |     47 |   1 | 1550.0 |
      Gauntlet |    758 |    758 |      0 |    293 |    214 |   1 |  758.0 |
               +--------+--------+--------+--------+--------+-----+--------+

Top non-repeatable levels by time:
Vaults:3: 4956 daAuts
Depths:4: 4476 daAuts
 Crypt:3: 3888 daAuts
Vaults:4: 3699 daAuts
 Snake:4: 3376 daAuts
Vaults:5: 3334 daAuts
Depths:2: 3278 daAuts
 Snake:2: 3206 daAuts
Depths:1: 3165 daAuts
Vaults:1: 2997 daAuts
   Elf:3: 2833 daAuts
Vaults:2: 2801 daAuts
Depths:3: 2674 daAuts
    D:12: 2628 daAuts
Shoals:4: 2621 daAuts
